 Dungeon Crawl Stone Soup version 0.18.1-6-gd335043 (webtiles) character file.

91 manyhoops the Skirmisher (level 4, 0/37 HPs)
             Began as a Demonspawn Fighter on May 18, 2016.
             Killed by nerve-wracking pain
             ... invoked by an orc priest
              (12 damage)
             ... on level 3 of the Dungeon.
             The game lasted 00:01:59 (1458 turns).

manyhoops the Skirmisher (Demonspawn Fighter)       Turns: 1458, Time: 00:02:00

Health: 0/37       AC:  8    Str: 17    XL:     4   Next: 34%
Magic:  4/4        EV:  9    Int: 10    God:
Gold:   101        SH:  0    Dex: 12    Spells: 0 memorised, 3 levels left

rFire  . . .     SeeInvis .     a - +0 war axe
rCold  . . .     Gourm    .     b - +0 scale mail
rNeg   . . .     Faith    .     (no shield)
rPois  .         Spirit   .     k - +0 helmet
rElec  .         Dismiss  .     (no cloak)
rCorr  .         Reflect  .     (no gloves)
SustAt .         Harm     .     (no boots)
MR     .....                    (no amulet)
Stlth  ..........               (no ring)
                                (no ring)

@: not resistant to hostile enchantments, extremely unstealthy
A: hooves 1
a: no special abilities


You were on level 3 of the Dungeon.
You were not hungry.

You visited 1 branch of the dungeon, and saw 3 of its levels.

You collected 101 gold pieces.

Inventory:

Hand Weapons
 a - a +0 war axe (weapon)
 g - a +4 mace
Armour
 b - a +0 scale mail (worn)
 k - a +0 helmet (worn)
Scrolls
 c - 2 scrolls of remove curse
 e - a scroll of fog {unknown}
 m - a scroll of blinking {unknown}
 n - a scroll of fear {unknown}
 p - a scroll of noise {unknown}
 s - a scroll of identify {unknown}
Potions
 d - a potion of might
 h - a potion of flight {unknown}
 j - a potion of ambrosia {unknown}
 l - 3 potions of haste {unknown}
 o - 2 potions of mutation {unknown}
 q - a potion of beneficial mutation {unknown}
 r - a potion of curing {unknown}
Comestibles
 f - 2 bread rations
 i - a meat ration


   Skills:
 + Level 3.8 Fighting
 + Level 2.5 Axes
 + Level 3.6 Armour
   Level 2.6 Shields


You had 3 spell levels left.
You didn't know any spells.

Dungeon Overview and Level Annotations

Branches:
Dungeon (3/15)

Altars:
Nemelex Xobeh
Okawaru
Pakellas
The Shining One


Innate Abilities, Weirdness & Mutations

You have large cloven feet.


Message History

You kill the orc!
You closely miss the orc priest.
The orc priest is heavily wounded.
You closely miss something. The orc priest barely misses you.
Something hits you.
The orc priest mumbles some strange prayers to Beogh against you.
Pain shoots through your body!
You hit the orc priest.
You kick the orc priest, but do no damage.
The orc priest is severely wounded.
You hit something.
You hear some strange, mumbled words.
The orc priest closely misses you.
Unknown command.
Your scale mail prevents you from hitting the orc priest.
The orc priest is severely wounded.
You barely miss something.
Something hits you but does no damage. x2
The orc priest calls down the wrath of Beogh upon you.
Pain shoots through your body!
You die...

#.. #.# ### ..
####.####.# ##<####.##
(.(.....#.#.# #........#
###.....#.#.###>........
###.##................
..................$>#
###.##..#.....#.{†..#...
#.##..#.....#.@)......
#.##..#..##...o<..#..#
..##...†.##...........
###.##.##.......##.#
#...................
#)#.##..#.#..#..#..
.....†#.##....##.#.....#
..##.........[.#.####.##
...........##.# .#


You could see an orc priest.

Vanquished Creatures
  A gnoll (D:1)
  2 oozes
  2 dart slugs (D:1)
  5 orcs (D:3)
  2 giant cockroaches (D:1)
  2 goblins
  5 hobgoblins
  A jackal (D:3)
  A quokka (D:2)
  4 bats (D:1)
  2 giant newts (D:3)
  4 kobolds
  12 rats
43 creatures vanquished.

Vanquished Creatures (others)
  An orc wizard (D:3)
1 creature vanquished.

Grand Total: 44 creatures vanquished

Notes
Turn   | Place    | Note
--------------------------------------------------------------
     0 | D:1      | manyhoops the Demonspawn Fighter began the quest for the Orb.
     0 | D:1      | Reached XP level 1. HP: 18/18 MP: 1/1
    70 | D:1      | Gained mutation: You have large cloven feet. [demonic ancestry]
    70 | D:1      | Reached XP level 2. HP: 7/24 MP: 2/2
   595 | D:1      | Reached XP level 3. HP: 28/29 MP: 3/3
  1256 | D:2      | Found an iron altar of Okawaru.
  1258 | D:2      | Found a glowing golden altar of the Shining One.
  1260 | D:2      | Found a sparkling altar of Nemelex Xobeh.
  1260 | D:2      | Found an oddly glowing altar of Pakellas.
  1400 | D:3      | Reached XP level 4. HP: 32/37 MP: 4/4
  1458 | D:3      | Killed from afar by an orc priest

Skill      XL: |  1 |
---------------+----+-----
Axes           | 2 |  2.5
Armour         | 3 |  3.6
Fighting       | |  3.8
Shields        | |  2.6

Action                   |  1- 3 |  4- 6 || total
-------------------------+-------+-------++-------
Melee: War axe           |   102 |    19 ||   121
       Kick              |    21 |     2 ||    23
  Use: Scroll            |     1 |       ||     1
  Eat: Chunk             |     2 |       ||     2
Armor: Scale mail        |    54 |    22 ||    76
Dodge: Dodged            |    64 |    16 ||    80
